 Dungeon Crawl Stone Soup version 0.26-a0-663-g36e8fdb655 (webtiles) character file.

Game seed: 13513377605492844418

54723 jasper the Martial Artist (level 14, -5/77 HPs)
             Began as a Vine Stalker Transmuter on Oct 11, 2020.
             Was a High Priest of Wu Jian.
             Slain by Donald
             ... wielding a +1 demon trident of electrocution
              (9 damage)
             ... on level 2 of the Orcish Mines.
             The game lasted 00:48:24 (19248 turns).

jasper the Martial Artist (VSTm)                   Turns: 19248, Time: 00:48:24

Health: -5/77      AC: 15    Str: 14    XL:     14   Next: 74%
Magic:  0/18       EV: 17    Int: 17    God:    Wu Jian [*****.]
Gold:   1021       SH:  0    Dex: 15    Spells: 5/18 levels left

rFire    + . .     SeeInvis .     - Unarmed
rCold    . . .     Faith    .   (shield currently unavailable)
rNeg     . . .     Spirit   +   C - +3 leather armour {rF+}
rPois    +         Reflect  .   h - +0 helmet
rElec    .         Harm     .   K - +2 cloak
rCorr    .         Rampage  .   (gloves currently unavailable)
MR       +....                  p - +0 pair of boots
Stlth    +.........             B - amulet of regeneration
HPRegen  1.42/turn              m - +4 ring of protection
MPRegen  0.16/turn              w - ring of poison resistance

@: exhausted, blade hands (expiring), heavenly storm, glowing
A: fangs 3, regeneration 2, magic shield, antimagic bite, no potion heal 3, rot
immunity
a: End Transformation, Wall Jump, Serpent's Lash, Heavenly Storm, Renounce
Religion


You were on level 2 of the Orcish Mines.
You worshipped Wu Jian.
Wu Jian was extremely pleased with you.
You had blades for hands.
You visited 4 branches of the dungeon, and saw 23 of its levels.

You collected 2879 gold pieces.
You spent 1858 gold pieces at shops.

Inventory:

Missiles
 b - 2 throwing nets
 c - 33 poisoned darts
 d - 697 stones (quivered)
Armour
 h - a +0 helmet (worn)
 k - a +0 pair of gloves (melded)
 p - a +0 pair of boots (worn)
 C - a +3 leather armour of fire resistance (worn)
 K - a +2 cloak (worn)
 W - a +2 buckler of cold resistance (melded)
Jewellery
 g - an uncursed ring of resist corrosion
 m - a +4 ring of protection (left scythe-like blade)
 w - a ring of poison resistance (right scythe-like blade)
 B - an amulet of regeneration (around neck)
 D - an uncursed ring of protection from fire
 G - an uncursed ring of ice
 J - a cursed ring of attention
 Y - an uncursed ring of wizardry
Wands
 y - a wand of polymorph (42)
 z - a wand of flame (16)
 P - a wand of digging (2)
 Q - a wand of enslavement (5)
 T - a wand of random effects (19)
 V - a wand of acid (23)
Scrolls
 a - a scroll of holy word
 f - 7 scrolls of amnesia
 i - 10 scrolls of remove curse
 j - 2 scrolls of blinking
 q - a scroll of magic mapping
 r - 4 scrolls of immolation
 s - 2 scrolls of enchant armour
 u - 5 scrolls of enchant weapon
 v - 8 scrolls of teleportation
 L - a scroll of noise {unknown}
 N - 2 scrolls of brand weapon
 R - 4 scrolls of identify
 U - a scroll of fog
 Z - a scroll of summoning
Potions
 e - 8 potions of curing
 l - 7 potions of heal wounds
 o - 2 potions of haste
 t - a potion of ambrosia
 x - 2 potions of stabbing
 A - 2 potions of brilliance
 E - a potion of mutation
 I - 2 potions of cancellation
 M - 2 potions of resistance
 O - a potion of berserk rage
 S - a potion of might
Miscellaneous
 F - a phial of floods
 H - a tin of tremorstones (1/3)
 X - a box of beasts (3/3)


   Skills:
 + Level 10.4 Fighting
 - Level 3.0 Armour
 + Level 8.6 Dodging
 - Level 4.0 Shields
 * Level 13.6 Unarmed Combat
 - Level 2.6 Spellcasting
 - Level 6.4 Translocations
 - Level 11.0 Transmutations
 - Level 3.0 Poison Magic
 - Level 6.0 Evocations


You had 5 spell levels left.
You knew the following spells:

 Your Spells              Type           Power        Failure   Level
a - Beastly Appendage     Tmut           #####.       10%         1
b - Spider Form           Tmut/Pois      ####......   28%         3
c - Wereblood             Tmut           #####...     11%         2
d - Blade Hands           Tmut           #####.....   38%         5
e - Blink                 Tloc           N/A          24%         2

Your spell library contained the following spells:

 Spells                   Type           Power        Failure   Level
 Gell's Gravitas          Tloc           ###.......   32%         3
 Lesser Beckoning         Tloc           ###.......   32%         3
 Teleport Other           Tloc           ###.....     32%         3
 Passage of Golubria      Tloc           N/A          56%         4
 Animate Skeleton         Necr           #.....       65%         1
 Foxfire                  Conj/Fire      #...         65%         1
 Magic Dart               Conj           #...         65%         1
 Pain                     Necr           #...         65%         1
 Ice Form                 Ice/Tmut       ###.....     67%         4
 Searing Ray              Conj           #.....       77%         2
 Iskenderun's Mystic Bla  Conj/Tloc      ##......     88%         4
 Conjure Flame            Conj/Fire      #.......     90%         3
 Dazzling Flash           Conj/Hex       #.....       90%         3
 Inner Flame              Hex/Fire       #.......     90%         3
 Vampiric Draining        Necr           #.........   90%         3
 Animate Dead             Necr           #.........   99%         4
 Fulminant Prism          Conj/Hex       #.........   99%         4
 Sticky Flame             Conj/Fire      #.......     99%         4
 Agony                    Necr           #.......     100%        5
 Fireball                 Conj/Fire      #.........   100%        5


Dungeon Overview and Level Annotations

Branches:
Dungeon (14/15)            Temple (1/1) D:7            Lair (6/6) D:10
  Swamp (0/4) Lair:2        Snake (0/4) Lair:2        Slime (0/5) Lair:5
    Orc (2/2) D:9             Elf (0/3) Orc:2        Vaults (0/5) D:13

Altars:
Elyvilon
Fedhas
Kikubaaqudgha
Makhleb
Nemelex Xobeh
Okawaru
Qazlal
Sif Muna
Vehumet
Wu Jian
Xom
Yredelemnul
Zin
Jiyva

Shops:
D:6 }   D:9 ?   Orc:2 (=*

Annotations:
D:4 Edmund
D:5 4 runed translucent doors
D:10 exclusion: door
D:13 exclusion: 2 upstairs, Rupert, Urug
Lair:5 exclusion: oklob plant
Orc:2 Donald


Innate Abilities, Weirdness & Mutations

You have razor-sharp teeth.
You heal very quickly.
When hurt, damage is shared between your health and your magic reserves.
Your bite disrupts and absorbs the magic of your enemies.
Potions cannot restore your health.
You are immune to rotting.


Message History

Donald is severely wounded.
Donald says, "I'll never be able to carry all this gold!
I hate that."
Donald gestures wildly while chanting.
Donald seems to speed up.
Donald blocks your attack.
You bite Donald, but do no damage.
Donald is severely wounded.
Donald hits you with a +1 demon trident of electrocution!!
* * * LOW HITPOINT WARNING * * *
You take 15 damage, and have 19/77 hp.
You now have 3/18 mp.
Press: ? - help, v - describe, . - travel
Here: Donald, wielding a +1 demon trident of electrocution, wearing a +2 plate armour of poison resistance and wearing a +0 kite shield (golden dust, severely wounded, fast, strong, haloed)
The floor, spattered with blood.
Unknown command.
Okay, then.
Unknown command.
You are too exhausted to lash out.
Donald hits you from afar with a +1 demon trident of electrocution!!
* * * LOW HITPOINT WARNING * * *
You are electrocuted!
You die...

......................
).....................
.........$............
#)..................#
#..........§§☼§☼....##
#).........☼§§§§.....##
#).........☼☼☼§§§§☼...#
#..........☼§☼§☼§§§...#
#..........☼§☼@☼@§☼#..
+.........#..§#☼§☼☼...#
+.............§§§§§....#
#.....................##
#...........###.......#
#..#........ #.......#
..... .........#
......#.##


You could see Donald (fast, strong).

Vanquished Creatures
  An orc warlord (Orc:2)
  Snorg (D:10)
  Josephine (D:10)
  Harold (Lair:1)
  Erolcha (D:12)
  2 hydras
  A boulder beetle (Lair:3)
  2 centaur warriors (D:13)
  Erica (Orc:1)
  A catoblepas (Lair:3)
  An ogre mage (Orc:2)
  10 two-headed ogres
  6 orc high priests
  Sonja (Lair:5)
  2 unseen horrors (D:12)
  3 orc knights (Orc:2)
  3 orc sorcerers (Orc:2)
  A cyclops (Orc:1)
  2 centaur zombies (D:12)
  Maurice (D:8)
  5 black mambas
  Maggie (D:9)
  7 cane toads
  3 rime drakes
  7 komodo dragons
  2 trolls
  A polar bear (Lair:5)
  A blink frog (Lair:3)
  2 bog bodies (Lair:2)
  4 dream sheep (Lair:4)
  2 shadows
  2 spriggans (Lair:5)
  2 wyverns
  6 wraiths
  27 yaks
  A steam dragon (D:11)
  10 humans
  2 wargs (Orc:2)
  3 swamp worms (Lair:2)
  4 two-headed ogre zombies (D:9)
  15 water moccasins
  4 sky beasts
  23 orc warriors
  3 phantoms
  3 black bears
  4 ice beasts
  12 ogres
  A necrophage (D:12)
  11 wolves
  6 centaurs
  2 big kobolds
  Blork the orc (D:5)
  13 bullfrogs
  7 scorpions
  A troll zombie (D:9)
  6 killer bees
  23 wights
  A howler monkey (D:4)
  A quasit (D:11)
  2 bullfrog zombies
  A gnoll shaman (D:5)
  2 jellies
  2 bullfrog skeletons
  7 hounds
  6 centaur skeletons
  11 orc priests
  6 iguanas
  Ijyb (D:5)
  15 orc wizards
  9 worker ants
  10 hell rats
  2 killer bee zombies
  3 ogre zombies (D:9)
  A hound zombie (D:7)
  A howler monkey zombie (D:8)
  A worker ant zombie (D:5)
  8 gnolls
  15 adders
  4 river rats (Lair:3)
  3 shadow imps
  2 white imps (D:8)
  An ufetubus (D:7)
  3 oozes
  An adder skeleton (D:7)
  3 adder zombies
  2 worms
  3 dart slugs
  8 leopard geckos
  72 orcs
  7 giant cockroaches
  7 goblins
  8 hobgoblins
  6 jackals
  5 quokkas
  2 ball pythons
  8 bats
  3 frilled lizards
  A giant cockroach zombie (D:6)
  A goblin skeleton (D:9)
  5 goblin zombies (D:9)
  A hobgoblin skeleton (D:9)
  3 hobgoblin zombies (D:9)
  17 kobolds
  15 orc zombies (D:9)
  A quokka skeleton (D:5)
  9 rats
575 creatures vanquished.

Vanquished Creatures (collateral kills)
  An orc wizard (Orc:2)
1 creature vanquished.

Vanquished Creatures (others)
  An orc (D:4)
  50 fungi
  26 plants
77 creatures vanquished.

Grand Total: 653 creatures vanquished

Notes
Turn   | Place    | Note
-------+----------+-------------------------------------------
     0 | D:1      | jasper the Vine Stalker Transmuter began the quest for the
                  | Orb.
     0 | D:1      | Reached XP level 1. HP: 9/9 MP: 4/4
   109 | D:1      | Reached skill level 1 in Fighting
   122 | D:1      | Reached XP level 2. HP: 6/14 MP: 3/6
   988 | D:1      | Reached XP level 3. HP: 16/18 MP: 7/7
  1424 | D:2      | Learned a level 3 spell: Spider Form
  1843 | D:2      | Gained mutation: Your natural rate of healing is unusually
                  | fast. [Vine Stalker growth]
  1843 | D:2      | Reached XP level 4. HP: 22/22 MP: 6/8
  2396 | D:3      | Found a radiant altar of Vehumet.
  2404 | D:3      | Found an ancient bone altar of Kikubaaqudgha.
  2405 | D:3      | Found a shimmering blue altar of Sif Muna.
  2411 | D:3      | Identified Vehumet's Compendium of Conjuration
  2785 | D:4      | Reached skill level 4 in Unarmed Combat
  2848 | D:4      | Reached XP level 5. HP: 26/26 MP: 3/9
  2921 | D:4      | Reached skill level 1 in Poison Magic
  3023 | D:4      | Noticed a phantom
  3149 | D:4      | Reached XP level 6. HP: 24/30 MP: 5/10
  3299 | D:4      | Found a shimmering altar of Xom.
  3599 | D:4      | Found an ornate altar of the Wu Jian Council.
  3612 | D:4      | Reached skill level 5 in Unarmed Combat
  3669 | D:4      | Became a worshipper of the Wu Jian Council
  3712 | D:4      | Found a basalt altar of Yredelemnul.
  3815 | D:4      | Reached XP level 7. HP: 31/35 MP: 9/11
  4040 | D:4      | Found a white marble altar of Elyvilon.
  4110 | D:5      | Entered Level 5 of the Dungeon
  4110 | D:5      | Noticed Edmund
  4195 | D:5      | Found a large runed translucent door.
  4195 | D:5      | Found a large runed translucent door.
  4208 | D:5      | Found a large runed translucent door.
  4208 | D:5      | Found a large runed translucent door.
  4220 | D:5      | Noticed Ijyb
  4270 | D:5      | Killed Ijyb
  4364 | D:5      | Reached * piety under Wu Jian
  4382 | D:5      | Noticed Blork the orc
  4386 | D:5      | Killed Blork the orc
  4386 | D:5      | Reached skill level 6 in Unarmed Combat
  4389 | D:5      | Reached skill level 1 in Armour
  4403 | D:5      | Gained mutation: You have razor-sharp teeth. [Vine Stalker
                  | growth]
  4403 | D:5      | Reached XP level 8. HP: 36/40 MP: 7/12
  4559 | D:5      | Found a sand-covered staircase.
  4850 | D:5      | Reached skill level 7 in Unarmed Combat
  5118 | D:5      | Noticed a yak
  5128 | D:5      | Killed a yak
  5128 | D:5      | Reached skill level 5 in Transmutations
  5149 | D:5      | Learned a level 2 spell: Wereblood
  5155 | D:5      | Learned a level 5 spell: Blade Hands
  5444 | D:6      | Reached ** piety under Wu Jian
  5491 | D:5      | Reached skill level 8 in Unarmed Combat
  5491 | D:5      | Reached XP level 9. HP: 44/44 MP: 10/13
  5812 | D:6      | Found Iniemn's Gadget Shoppe.
  5831 | D:6      | Bought a tin of tremorstones (3/3) for 400 gold pieces
  5838 | D:6      | Found a glowing silver altar of Zin.
  6162 | D:7      | Found a staircase to the Ecumenical Temple.
  6167 | D:7      | Reached skill level 9 in Unarmed Combat
  6182 | Temple   | Entered the Ecumenical Temple
  6305 | D:7      | Found an iron altar of Okawaru.
  6377 | D:7      | Found a blossoming altar of Fedhas.
  6437 | D:7      | Reached skill level 1 in Evocations
  6510 | D:7      | Reached *** piety under Wu Jian
  6528 | D:7      | Reached skill level 10 in Unarmed Combat
  6928 | D:8      | Reached XP level 10. HP: 45/49 MP: 9/14
  7437 | D:8      | Found a sparkling altar of Nemelex Xobeh.
  7478 | D:8      | Noticed Maurice
  7524 | D:8      | Killed Maurice
  7524 | D:8      | Reached skill level 11 in Unarmed Combat
  7544 | D:8      | Got a twisted ring mail
  7555 | D:8      | Identified the +5 ring mail of Tazunedgh {Str+5 Int+2 Dex-2
                  | SInv} (You found it on level 8 of the Dungeon)
  8003 | D:9      | Reached **** piety under Wu Jian
  8014 | D:9      | Found a staircase to the Orcish Mines.
  8180 | D:9      | Noticed a two-headed ogre
  8183 | D:9      | Killed a two-headed ogre
  8183 | D:9      | Reached skill level 12 in Unarmed Combat
  8183 | D:9      | Reached skill level 5 in Evocations
  8236 | D:9      | Found a burning altar of Makhleb.
  8289 | D:9      | Found Taajiwki's Magic Scroll Emporium.
  8302 | D:9      | Noticed Maggie
  8310 | D:9      | Killed Maggie
  8411 | D:9      | Found a stormy altar of Qazlal.
  8581 | D:10     | Entered Level 10 of the Dungeon
  8605 | D:10     | Reached XP level 11. HP: 52/52 MP: 13/15
  8636 | D:10     | Noticed Josephine
  8646 | D:10     | Killed Josephine
  8738 | D:10     | Reached skill level 13 in Unarmed Combat
  8861 | D:10     | Noticed Snorg
  8974 | Orc:1    | Entered Level 1 of the Orcish Mines
  8974 | Orc:1    | Found an iron altar of Okawaru.
  8989 | Orc:1    | Reached ***** piety under Wu Jian
  9118 | Orc:1    | Found a frozen archway.
  9129 | Orc:1    | Noticed Erica
  9160 | Orc:1    | Killed Erica
  9580 | Orc:2    | Entered Level 2 of the Orcish Mines
  9580 | Orc:2    | Noticed a cyclops
  9587 | Orc:2    | Noticed an orc high priest
  9587 | Orc:2    | Noticed an orc high priest
  9589 | Orc:2    | Noticed an orc warlord
  9591 | Orc:2    | Noticed a soul eater
  9591 | Orc:2    | Noticed an orc high priest
  9725 | D:10     | Reached skill level 5 in Fighting
  9783 | D:10     | Noticed a two-headed ogre
  9789 | D:10     | Killed a two-headed ogre
 10050 | D:10     | Noticed a two-headed ogre
 10057 | D:10     | Killed a two-headed ogre
 10129 | D:10     | Found a staircase to the Lair.
 10138 | D:10     | Reached skill level 5 in Dodging
 10213 | Lair:1   | Entered Level 1 of the Lair of Beasts
 10330 | Lair:1   | Gained mutation: You heal very quickly. [Vine Stalker
                  | growth]
 10330 | Lair:1   | Reached XP level 12. HP: 61/61 MP: 14/16
 10358 | Lair:1   | Noticed Harold
 10391 | Lair:1   | Killed Harold
 11527 | Lair:2   | Found a staircase to the Snake Pit.
 11806 | Lair:2   | Found a staircase to the Swamp.
 11823 | Lair:2   | HP: 1/65 [electric eel/bolt of electricity (6)]
 12501 | Lair:3   | Noticed a boulder beetle
 12709 | Lair:3   | Noticed a four-headed hydra
 12720 | Lair:3   | Killed a four-headed hydra
 12932 | Lair:3   | Noticed a catoblepas
 12950 | Lair:3   | Killed a catoblepas
 13023 | Lair:3   | Killed a boulder beetle
 13023 | Lair:3   | Reached XP level 13. HP: 70/70 MP: 17/17
 13716 | Lair:4   | Reached skill level 10 in Fighting
 13974 | Lair:4   | Learned a level 2 spell: Blink
 14654 | Lair:5   | Noticed Sonja
 14661 | Lair:5   | Killed Sonja
 14677 | Lair:5   | You fall into a shaft and drop 1 floor!
 14677 | Lair:6   | Entered Level 6 of the Lair of Beasts
 14999 | Lair:5   | Found a staircase to the Slime Pits.
 15000 | Lair:5   | Found a viscous altar of Jiyva.
 15823 | D:10     | Killed Snorg
 15844 | D:10     | Found a shimmering blue altar of Sif Muna.
 16508 | D:9      | Bought a scroll of acquirement for 624 gold pieces
 16508 | D:9      | Acquired 877 gold pieces
 16510 | D:9      | Bought a scroll of blinking for 90 gold pieces
 16510 | D:9      | Bought a scroll of blinking for 90 gold pieces
 16510 | D:9      | Bought a scroll of holy word for 90 gold pieces
 16713 | D:11     | Reached skill level 10 in Transmutations
 17245 | D:12     | Found a shimmering altar of Xom.
 17247 | D:12     | Noticed Erolcha
 17274 | D:12     | Killed Erolcha
 17383 | D:12     | Reached skill level 1 in Translocations
 17548 | D:13     | Found a gate to the Vaults.
 17548 | D:13     | Noticed Rupert
 17548 | D:13     | Noticed Urug
 17631 | D:12     | Reached ****** piety under Wu Jian
 17631 | D:12     | Reached XP level 14. HP: 64/77 MP: 18/18
 17778 | D:13     | Reached skill level 5 in Translocations
 18128 | Orc:2    | Reached skill level 1 in Shields
 18362 | Orc:2    | Found Ycvel's Antique Weapon Shoppe.
 19072 | Orc:2    | Found Hurghihei's Jewellery Boutique.
 19080 | Orc:2    | Bought an uncursed ring of poison resistance for 200 gold
                  | pieces
 19108 | Orc:2    | Found Yllino's General Store.
 19116 | Orc:2    | Bought 2 potions of curing for 84 gold pieces
 19116 | Orc:2    | Bought a box of beasts (3/3) for 280 gold pieces
 19136 | Orc:2    | Killed an orc warlord
 19165 | Orc:2    | Found a staircase to the Elven Halls.
 19237 | Orc:2    | Noticed Donald
 19248 | Orc:2    | Slain by Donald

Illustrated notes

Levels and vault maps discovered:
D:1:      dpeg_arrival_renting, layout_basic
D:2:      minmay_recursive_quarters, layout_rooms
D:3:      layout_rooms, grunt_temple_overflow_magic_moments
D:4:      minmay_opposing_rooms, layout_loops_corners, kennysheep_ying_yang,
          lemuel_doored_altar, nicolae_overflow_crystal_walls,
          hangedman_abyss_or_decor_slice
D:5:      layout_rooms, enter_ossuary_5, minmay_hollow_rounded_squares,
          uniq_blork_the_orc, uniq_ijyb, uniq_edmund
D:6:      layout_basic, zin_academy, serial_shops, nicolae_shop_crystal
D:7:      layout_loops_cross, minmay_temple_entry_mist, basic_altar,
          fedhas_altar_3
D:8:      layout_loops_ring, kennysheep_little_box, uniq_maurice
D:9:      layout_stronghold, lemuel_crystal_altar, bloody_makhleb,
          zombieorc2_lemuel, serial_shops, shop, uniq_maggie
D:10:     layout_loops_ring, grunt_lair_entry_orc_guard_hut, amethyst_killhole,
          led_sif_book, uniq_josephine, uniq_snorg
D:11:     layout_irregular_city
D:12:     layout_roguey, basic_altar, uniq_erolcha
D:13:     layout_loops_ring, david_vaults_3
D:14:     layout_cave_pods, serial_park_square1 [serial_park_minivault_5x5_4],
          kennysheep_generic_room_12
Temple:   minmay_temple_curvy_loop
Lair:1:   layout_loops_ring, st_stairs_11, beast_lair_carwin_11,
          serial_bayou_shore_b, uniq_harold
Lair:2:   layout_small_grid, nicolae_swamp_entry_splash_gauntlet,
          minmay_snake_entry_six_corridors
Lair:3:   layout_gridlike, kennysheep_abandoned_house
Lair:4:   layout_cave_pods, infiniplex_staircase_pool_2
Lair:5:   layout_big_grid, slime_altar_1, forest_entry_grove, uniq_sonja
Lair:6:   evil_forest, layout_regular_city, ice2_lemuel
Orc:1:    layout_diamond_mine, portal_ice_cave_rime, okawaru_metal_pillars_1_2,
          uniq_erica
Orc:2:    grunt_orc_gardens, layout_caves, grunt_orc_garden, grunt_orc_garden,
          grunt_orc_garden, grunt_orc_garden, hangedman_minor_magic, uniq_donald

Skill      XL: |  1  2  3  4  5  6  7  8  9 10 11 12 13 14 |
---------------+-------------------------------------------+-----
Fighting       | 1 2 3 6 9 10 | 10.4
Dodging        | 2 5 8 |  8.6
Unarmed Combat | 4 5 6 8 10 12 13 | 13.6
Poison Magic   | 1 2 3 |  3.0
Transmutations | 3 4 5 6 11 | 11.0
Armour         | 1 3 |  3.0
Evocations     | 2 5 6 |  6.0
Translocations | 3 6 |  6.4
Shields        | 4 |  4.0
Spellcasting   | |  2.6

Action                   |  1- 3 |  4- 6 |  7- 9 | 10-12 | 13-15 || total
-------------------------+-------+-------+-------+-------+-------++-------
Melee: Unarmed           |    84 |   143 |   408 |   786 |   590 ||  2011
       Kick              |    10 |    15 |    66 |   182 |    66 ||   339
       Bite              |    25 |    26 |   108 |   217 |   152 ||   528
       Headbutt          |     5 |    11 |    37 |   102 |    30 ||   185
       Punch             |     1 |     1 |     9 |    38 |    33 ||    82
Throw: Dart              |    41 |       |       |       |       ||    41
       Stone             |     1 |     7 |       |       |     4 ||    12
 Cast: Beastly Appendage |    10 |    15 |    26 |    51 |    20 ||   122
       Spider Form       |       |     4 |     2 |       |       ||     6
       Wereblood         |       |       |     1 |     3 |    10 ||    14
       Blade Hands       |       |       |       |       |    27 ||    27
Invok: Lunge             |       |     1 |    14 |    25 |    37 ||    77
       Whirlwind         |       |       |    20 |    42 |    18 ||    80
       Serpent's Lash    |       |       |       |     3 |     5 ||     8
       Heavenly Storm    |       |       |       |     1 |     2 ||     3
 Abil: Wall Jump         |       |       |     4 |     2 |       ||     6
       End Transformatio |       |       |     1 |       |       ||     1
Evoke: Wand              |       |     1 |    15 |    13 |    10 ||    39
       Tin of tremorston |       |       |     3 |     4 |     4 ||    11
       Phial of floods   |       |       |     1 |     2 |     1 ||     4
  Use: Scroll            |     5 |     6 |       |    18 |     6 ||    35
       Potion            |       |       |       |     4 |       ||     4
 Stab: Sleeping          |       |     1 |     2 |       |     1 ||     4
       Distracted        |       |     1 |       |       |       ||     1
       Paralysed         |       |       |       |    11 |     2 ||    13
       Invisible         |       |       |       |     3 |       ||     3
Armor: Robe              |    27 |    25 |    16 |       |       ||    68
       Leather armour    |       |       |   100 |   240 |   155 ||   495
Dodge: Dodged            |    46 |    76 |   214 |   374 |   479 ||  1189

Table legend: (Time is in decaauts)
 A = Elapsed time spent in this place.
 B = Non-inter-level travel time spent in this place.
 C = Inter-level travel time spent in this place.
 D = Time resting spent in this place.
 E = Time spent auto-exploring this place.
 F = Levels seen in this place.
 G = Mean time per level.
                   A        B        C        D        E       F      G
               +--------+--------+--------+--------+--------+-----+--------+
         Total |  18994 |  17860 |   1134 |   1541 |  12459 |  23 |  825.8 |
       Dungeon |  11653 |  10877 |    776 |    856 |   7465 |  14 |  832.4 |
        Temple |     61 |     61 |      0 |     59 |      0 |   1 |   61.0 |
          Lair |   5363 |   5066 |    297 |    180 |   4112 |   6 |  893.8 |
  Orcish Mines |   1916 |   1855 |     61 |    445 |    881 |   2 |  958.0 |
               +--------+--------+--------+--------+--------+-----+--------+

Top non-repeatable levels by time:
     D:1: 1398 daAuts
     D:4: 1361 daAuts
  Lair:2: 1306 daAuts
   Orc:2: 1127 daAuts
     D:5: 1102 daAuts
  Lair:4: 1079 daAuts
  Lair:1: 1062 daAuts
     D:9: 1021 daAuts
    D:11: 984 daAuts
  Lair:5: 977 daAuts
    D:10: 966 daAuts
     D:8: 932 daAuts
  Lair:3: 896 daAuts
     D:2: 895 daAuts
   Orc:1: 789 daAuts
